 Dungeon Crawl Stone Soup version 0.25.1-2-g60ff931df9 (webtiles) character file.

Game seed: 11295226001699843216

63 funkygono the Magician (level 3, -10/25 HPs)
             Began as a Demonspawn Wizard on Aug 17, 2020.
             Mangled by a worm (14 damage)
             ... on level 2 of the Dungeon.
             The game lasted 00:05:36 (1877 turns).

funkygono the Magician (Demonspawn Wizard)          Turns: 1877, Time: 00:05:36

Health: -10/25     AC:  3    Str:  7    XL:     3   Next: 87%
Magic:  3/8        EV: 12    Int: 20    God:
Gold:   91         SH:  0    Dex: 11    Spells: 2/9 levels left

rFire    . . .     SeeInvis .   f - +0 dagger (drain)
rCold    . . .     Gourm    .   (no shield)
rNeg     . . .     Faith    .   a - +0 robe
rPois    .         Spirit   .   b - +0 hat
rElec    .         Reflect  .   e - +0 cloak
rCorr    .         Harm     .   (no gloves)
MR       .....                  (no boots)
Stlth    ++........             (no amulet)
HPRegen  0.08/turn              (no ring)
MPRegen  0.11/turn              (no ring)

@: no status effects
A: demonic guardian 1
a: no special abilities


You were on level 2 of the Dungeon.
You were not hungry.

You visited 1 branch of the dungeon, and saw 2 of its levels.

You collected 91 gold pieces.

Inventory:

Hand Weapons
 f - a +0 dagger of draining (weapon)
Missiles
 m - 37 stones (quivered)
Armour
 a - a +0 robe (worn)
 b - a +0 hat (worn)
 e - a +0 cloak (worn)
Scrolls
 g - a scroll of enchant armour {unknown}
 i - a scroll of amnesia
 n - 4 scrolls of remove curse {unknown}
Potions
 c - 2 potions of might
 h - 3 potions of curing {unknown}
 j - a potion of brilliance {unknown}
 l - a potion of flight {unknown}
 o - a potion of degeneration {unknown}
 p - a potion of lignification {unknown}
Comestibles
 d - 4 rations
 k - 3 chunks of flesh


   Skills:
 + Level 0.7 Fighting
 + Level 0.9 Short Blades
 + Level 2.2 Dodging
 + Level 1.9 Stealth
 + Level 3.6 Spellcasting
 + Level 1.3 Conjurations
 + Level 1.5 Summonings
 + Level 0.8 Translocations


You had 2 spell levels left.
You knew the following spells:

 Your Spells              Type           Power        Failure   Level  Hunger
a - Magic Dart            Conj           #...         8%          1    None
b - Call Imp              Summ           #.......     11%         2    ##.....
c - Blink                 Tloc           N/A          14%         2    ##.....
d - Slow                  Hex            #.......     21%         2    ##.....

Your spell library contained the following spells:

 Spells                   Type           Power        Failure   Level  Hunger
 Conjure Flame            Conj/Fire      #.......     30%         3    ###....
 Mephitic Cloud           Conj/Pois/Air  #.......     32%         3    ###....


Dungeon Overview and Level Annotations

Branches:
Dungeon (2/15)

Altars:
Trog


Innate Abilities, Weirdness & Mutations

A weak demonic guardian rushes to your aid.


Message History

The worm closely misses you. The worm closely misses you. The worm bites you.
* * * LOW HITPOINT WARNING * * *
Your crimson imp blinks!
You see here a worm corpse.
You butcher the worm corpse.
Your crimson imp blinks!
You see here 2 chunks of flesh.
Casting: Magic Dart (safe; 8% risk of failure)
Confirm with . or Enter, or press ? or * to list all spells.
Aiming: Magic Dart (safe; 8% risk of failure)
Press: ? - help, Shift-Dir - straight line, f/p - worm
Aim: a worm (berserk)
The magic dart hits the worm.
The worm is lightly wounded.
The worm misses you. The worm bites you!
Ouch! That really hurt!
You die...

....................#.......))#
#.#.###.....######.##....#....##
#...# #.###.## #.##...###....#
##### #.###..# #.5...5#y#._..#
#.#..(.## #.##.%.###....#
#.#..(..# #.##....#...)#
#######.#.....####5.#.........#
......#.#.....#..w..##......)##
......'.#.......@....##....###
......########........######
......# #........... #####.#
###.####...... ...##.# #....#
...... ...##.# #.#..# ......
...+..# ####.#..# ...... ...####
#.....#... ... #'## #.#####..##


You could see a worm (berserk) and a friendly crimson imp (summoned).

Vanquished Creatures
  An adder (D:2)
  2 worms (D:2)
  A dart slug (D:1)
  2 leopard geckos (D:1)
  3 bats
  A giant cockroach (D:1)
  2 goblins
  2 hobgoblins (D:1)
  2 kobolds (D:1)
  A quokka (D:2)
  3 rats
20 creatures vanquished.

Vanquished Creatures (collateral kills)
  2 adders (D:2)
  An ooze (D:2)
  A worm (D:2)
  A leopard gecko (D:2)
  A goblin (D:2)
  3 jackals (D:1)
  2 rats
11 creatures vanquished.

Grand Total: 31 creatures vanquished

Notes
Turn   | Place    | Note
-------+----------+-------------------------------------------
     0 | D:1      | funkygono the Demonspawn Wizard began the quest for the
                  | Orb.
     0 | D:1      | Reached XP level 1. HP: 13/13 MP: 4/4
   243 | D:1      | Gained mutation: A weak demonic guardian rushes to your
                  | aid. [demonic ancestry]
   243 | D:1      | Reached XP level 2. HP: 19/19 MP: 1/6
   248 | D:1      | Learned a level 2 spell: Call Imp
   251 | D:1      | Learned a level 2 spell: Blink
   254 | D:1      | Learned a level 2 spell: Slow
  1312 | D:2      | Reached XP level 3. HP: 24/24 MP: 0/7
  1738 | D:2      | Noticed a moth of wrath
  1741 | D:2      | Found a bloodstained altar of Trog.
  1877 | D:2      | Mangled by a worm

Illustrated notes

Levels and vault maps discovered:
D:1:      arrival_zaba_pyramid, layout_basic
D:2:      layout_basic, tgw_trog

Skill      XL: |  1 |
---------------+----+-----
Dodging        | 2 |  2.2
Fighting       | |  0.7
Short Blades   | |  0.9
Stealth        | |  1.9
Spellcasting   | |  3.6
Conjurations   | |  1.3
Summonings     | |  1.5
Translocations | |  0.8

Action                   || total
-------------------------++-------
Melee: Dagger            ||    35
 Cast: Magic Dart        ||    61
       Call Imp          ||    15
  Use: Scroll            ||     3
 Stab: Distracted        ||     1
  Eat: Chunk             ||     3
Armor: Robe              ||     5
Dodge: Dodged            ||    35
